AoeStats
← 888

Arena

506121426Analyzed
4v4 RM · 19d ago on Sep 12, 2026· 40m 18s· 8 players
Game mode
Random Map
Map size
Large (8 player)
Population
200
Speed
Normal
Resources
Standard
Victory
Conquest
Starting age
Dark Age
Ending age
Imperial Age
RankedLock teamsTeams togetherTeam positionsShared explorationLock speedFull tech treeHidden civsTurbo modeCheats
Victory
Defeat
🇫🇷 Cumans · France
1273
+13
🇪🇸 Teutons · Spain
1253
+14
🇬🇧 Persians · United Kingdom
1160
+18
🇬🇧 Britons · United Kingdom
1144
+19
🇭🇰 Khmer · Hong Kong SAR China
1268
-19
🇨🇳 Khmer · China
1211
-16
🇨🇳 Italians · China
1183
-15
🇨🇳 Ethiopians · China
1164
-14
一个有故事的ID
9:37 Feudal Age
12:04 Loom
15:00 Castle Age
13:27 Double-Bit Axe
13:51 Horse Collar
16:00 Bow Saw
17:09 Heavy Plow
18:43 Wheelbarrow
21:30 Loom
26:24 Imperial Age
25:15 Scale Barding Armor
25:20 Forging
25:29 Hand Cart
24:59 Town Watch
25:43 Gold Mining
25:47 Stone Mining
26:44 Chain Barding Armor
27:56 Iron Casting
27:21 Scale Mail Armor
27:58 Crop Rotation
27:08 Pikeman
28:06 Bloodlines
27:56 Husbandry
29:17 Gold Shaft Mining
29:21 Stone Shaft Mining
30:37 Chain Mail Armor
31:23 Blast Furnace
29:54 Cavalier
31:32 Halberdier
35:44 Conscription
35:27 Fletching
35:38 Padded Archer Armor
35:06 Light Cavalry
35:46 Elite Ballista Elephant
37:07 Bodkin Arrow
37:28 Leather Archer Armor
38:16 Chemistry
37:36 Ballistics
38:10 Double Crossbow
37:36 Light Cavalry
39:24 Bracer
39:54 Ring Archer Armor
39:27 Town Patrol
虫
11:46 Feudal Age
15:23 Castle Age
13:20 Double-Bit Axe
13:17 Horse Collar
17:02 Bow Saw
16:58 Heavy Plow
22:58 Gold Mining
25:12 Gold Shaft Mining
28:26 Wheelbarrow
28:12 Loom
30:06 Hand Cart
34:20 Imperial Age
32:55 Scale Barding Armor
33:01 Forging
33:18 Tusk Swords
34:16 Chain Barding Armor
34:04 Town Watch
35:31 Conscription
35:11 Double Crossbow
35:42 Stone Mining
36:56 Chemistry
36:45 Husbandry
37:50 Plate Barding Armor
37:50 Iron Casting
37:45 Town Patrol
38:10 Ballistics
39:35 Siege Engineers
39:26 Murder Holes
39:53 Bloodlines
41:04 Blast Furnace
39:43 Heavy Scorpion
xxs_hjt
10:30 Feudal Age
14:13 Castle Age
12:06 Double-Bit Axe
13:32 Horse Collar
14:38 Loom
15:46 Bow Saw
18:19 Town Watch
22:40 Wheelbarrow
23:00 Scale Mail Armor
23:46 Squires
25:05 Chain Mail Armor
27:21 Forging
27:25 Arson
27:58 Heavy Plow
29:21 Padded Archer Armor
29:11 Fletching
30:11 Hand Cart
29:57 Town Patrol
30:24 Elite Skirmisher
31:23 Leather Archer Armor
31:04 Bodkin Arrow
34:44 Imperial Age
33:38 Iron Casting
33:52 Ballistics
34:12 Fortified Wall
35:30 Bracer
36:01 Ring Archer Armor
36:35 Chemistry
35:49 Masonry
38:48 Conscription
38:30 Royal Heirs
文知章
10:20 Feudal Age
10:55 Double-Bit Axe
10:53 Horse Collar
17:14 Castle Age
16:57 Loom
18:08 Bow Saw
17:50 Gold Mining
17:51 Stone Mining
18:04 Heavy Plow
21:06 Wheelbarrow
21:39 Fletching
30:37 Imperial Age
28:34 Ballistics
29:44 Murder Holes
EqualGoat795961
10:45 Feudal Age
12:08 Loom
16:10 Castle Age
14:08 Double-Bit Axe
14:07 Horse Collar
14:34 Stone Mining
14:51 Gold Mining
19:32 Heavy Plow
20:01 Bow Saw
25:05 Gold Shaft Mining
24:19 Town Watch
25:10 Wheelbarrow
30:21 Imperial Age
28:02 Fletching
28:13 Padded Archer Armor
28:00 Treadmill Crane
28:31 Fortified Wall
29:11 Ballistics
28:42 Heated Shot
29:05 Masonry
30:16 Bodkin Arrow
30:37 Leather Archer Armor
30:25 Murder Holes
31:56 Conscription
31:52 Town Patrol
32:08 Hand Cart
33:01 Two-Man Saw
32:37 Bracer
33:22 Ring Archer Armor
34:51 Chemistry
33:37 Arrowslits
34:24 Architecture
35:16 Yeomen
35:52 Elite Longbowman
38:24 Hoardings
888
9:05 Feudal Age
10:07 Double-Bit Axe
10:04 Horse Collar
19:19 Castle Age
19:43 Bloodlines
19:25 Loom
20:24 Wheelbarrow
20:18 Bow Saw
20:10 Heavy Plow
20:54 Gold Mining
21:14 Scale Barding Armor
21:19 Forging
21:36 Capped Ram
24:40 Chain Barding Armor
24:56 Iron Casting
28:21 Gold Shaft Mining
30:37 Stone Mining
35:26 Imperial Age
33:16 Hand Cart
35:42 Cavalier
37:32 Crop Rotation
38:08 Two-Man Saw
38:10 Paladin
38:44 Light Cavalry
40:04 Hussar
24601
11:47 Feudal Age
15:40 Castle Age
13:44 Horse Collar
13:52 Double-Bit Axe
15:29 Wheelbarrow
19:21 Bow Saw
19:23 Heavy Plow
21:37 Loom
21:56 Gold Mining
22:16 Stone Mining
24:02 Hand Cart
28:46 Imperial Age
27:25 Scale Barding Armor
27:30 Forging
27:34 Bloodlines
27:26 Husbandry
29:52 Chain Barding Armor
30:07 Iron Casting
29:21 Cavalier
32:05 Plate Barding Armor
31:03 Savar
34:34 Conscription
33:35 Elite War Elephant
36:34 Blast Furnace
Grimbel
11:39 Feudal Age
12:10 Double-Bit Axe
15:36 Castle Age
13:39 Horse Collar
14:13 Gold Mining
16:37 Bow Saw
16:27 Heavy Plow
22:51 Scale Mail Armor
23:37 Forging
24:10 Chain Mail Armor
24:36 Loom
26:19 Iron Casting
26:06 Squires
25:53 Arson
28:51 Wheelbarrow
29:39 Ironclad
30:55 Hand Cart
30:26 Town Watch
35:22 Imperial Age
35:03 Fortified Wall
35:13 Ballistics
34:44 Fletching
35:48 Bodkin Arrow
36:36 Plate Mail Armor
37:39 Two-Man Saw
37:10 Crop Rotation
36:31 Stone Mining
38:08 Blast Furnace
37:32 Conscription
38:41 Masonry
39:56 Chemistry
Connection lost

Rejoining the realm…

Still unreachable

The connection could not be restored.

Session expired

The server has moved on; the page needs a fresh start.